 Dungeon Crawl Stone Soup version 0.19.1 (webtiles) character file.

8543 theElss the Basher (level 11, 0/109 HPs)
             Began as a Gargoyle Berserker on Dec 4, 2016.
             Was a High Priest of Trog.
             Slain by a killer bee (7 damage)
             ... on level 10 of the Dungeon.
             The game lasted 00:25:00 (8825 turns).

theElss the Basher (Gargoyle Berserker)             Turns: 8825, Time: 00:25:01

Health: 0/109      AC: 16    Str: 37    XL:     11   Next: 32%
Magic:  11/11      EV: 11    Int: 15    God:    Trog [*****.]
Gold:   574        SH:  0    Dex: 14    Spells: 0 memorised, 10 levels left

rFire  x . .     SeeInvis .     M - +7 great mace (holy)
rCold  . . .     Gourm    .     y - +0 ring mail of the Gloaming {rF- Str+7 Int+8}
rNeg   + . .     Faith    +     (shield currently unavailable)
rPois  ∞         Spirit   .     (no helmet)
rElec  +         Reflect  .     C - +0 cloak
rCorr  +         Harm     .     p - +0 pair of gloves
MR     ++...                    f - +0 pair of boots
Stlth  ..........               e - amulet of faith
                                B - +5 ring of dexterity
                                b - ring of resist corrosion

@: berserking, regenerating, very quick
A: negative energy resistance 1, electricity resistance, unbreathing,
petrification resistance, rot immunity, AC +7
a: Berserk, Trog's Hand, Brothers in Arms, Burn Spellbooks, Renounce Religion


You were on level 10 of the Dungeon.
You worshipped Trog.
Trog was extremely pleased with you.
You were very hungry.

You visited 1 branch of the dungeon, and saw 10 of its levels.

You collected 574 gold pieces.

Inventory:

Hand Weapons
 a - a +0 mace
 M - a +7 great mace of holy wrath (weapon)
Armour
 f - a +0 pair of boots (worn)
 m - a +0 ring mail
 p - a +0 pair of gloves (worn)
 y - the +0 ring mail of the Gloaming (worn) {rF- Str+7 Int+8}
   (You found it on level 4 of the Dungeon)

   It affects your strength (+7).
   It affects your intelligence (+8).
   It makes you vulnerable to fire.
 C - a +0 cloak (worn)
Jewellery
 b - a ring of resist corrosion (left hand)
 e - an amulet of faith (around neck)
 o - a +2 ring of intelligence
 B - a +5 ring of dexterity (right hand)
 H - an uncursed ring of teleportation
Wands
 s - a wand of hasting (3/9)
 t - a wand of digging (4/24)
Scrolls
 g - 5 scrolls of teleportation
 h - 4 scrolls of remove curse
 i - 2 scrolls of blinking
 l - 2 scrolls of magic mapping
 r - 2 scrolls of recharging
 D - a scroll of fear
 G - 2 scrolls of enchant weapon
 L - a scroll of silence {unknown}
 N - a scroll of fog {unknown}
Potions
 j - a potion of flight
 q - 9 potions of curing
 v - a potion of invisibility {unknown}
 x - 3 potions of brilliance
 A - a potion of haste {unknown}
 E - a potion of cure mutation {unknown}
 F - 2 potions of berserk rage {unknown}
 I - a potion of lignification {unknown}
 K - a potion of agility {unknown}
 P - a potion of degeneration {unknown}
Books
 k - a book of Clouds

   Spells                             Type                      Level
   a - Mephitic Cloud                 Conjuration/Poison/Air       3
   b - Conjure Flame                  Conjuration/Fire             3
   c - Poisonous Cloud                Conjuration/Poison/Air       6
   d - Freezing Cloud                 Conjuration/Ice/Air          6
   e - Ring of Flames                 Charms/Fire                  7
   Trog disapproves of the use of such an item.
 J - a book of Frost

   Spells                             Type                      Level
   a - Freeze                         Ice                          1
   b - Throw Frost                    Conjuration/Ice              2
   c - Ozocubu's Armour               Charms/Ice                   3
   d - Throw Icicle                   Conjuration/Ice              4
   e - Summon Ice Beast               Ice/Summoning                4
   Trog disapproves of the use of such an item.
Comestibles
 c - 7 bread rations
 d - 3 meat rations
 n - 2 beef jerkies
 u - a royal jelly
 w - 3 fruits
 z - a slice of pizza
 O - 13 chunks of flesh


   Skills:
 + Level 10.5 Fighting
 + Level 14.3 Maces & Flails
 - Level 2.1 Armour
 - Level 1.5 Dodging


You had 10 spell levels left.
You didn't know any spells.

Dungeon Overview and Level Annotations

Branches:
Dungeon (10/15)            Temple (0/1) D:6             Orc (0/2) D:9
   Lair: D:8-11

Altars:
Ashenzari
Cheibriados
Elyvilon
Hepliaklqana
Qazlal
Ru
Trog
Uskayaw
Yredelemnul
The Shining One

Shops:
D:5 %(*   D:6 *


Innate Abilities, Weirdness & Mutations

You are resistant to torment.
Your stone body is resilient. (AC +7)
You are immune to poison.
You resist negative energy. (rN+)
You are resistant to electric shocks. (rElec)
You can survive without breathing.
You are immune to petrification.
You are immune to rotting.


Message History

Trog accepts your kill. The killer bee closely misses you.
The killer bee stings you but does no damage. x2
The killer bee closely misses you.
You miss the killer bee. The killer bee barely misses you.
The killer bee stings you.
* * * LOW HITPOINT WARNING * * *
The killer bee stings you.
* * * LOW HITPOINT WARNING * * *
You sock the killer bee!
The killer bee is moderately wounded.
The killer bee stings you!
* * * LOW HITPOINT WARNING * * *
The killer bee stings you but does no damage. x2
The killer bee barely misses you.
Unknown command.
You miss the killer bee.
The killer bee is moderately wounded.
The killer bee stings you!
You die...

#.....................#
#..................####
#..................#
#..................#
....###########.....###
....# #.......#
#.......# +.......#
#@####### ......yy#
......yyy .....####.
....# .# ...# # ..# ..


You could see 5 killer bees.

Vanquished Creatures
  Gastronok (D:8)
  Erica (D:8)
  The ghost of Yurafenix the Protected, a novice MiFi (D:9)
  Joseph (D:7)
  A queen bee (D:10)
  2 hippogriffs
  A yak (D:10)
  A wyvern (D:10)
  A hungry ghost (D:7)
  Menkaure (D:6)
  A water moccasin (D:8)
  Duvessa (D:6)
  2 ice beasts
  4 orc warriors
  A black bear (D:10)
  3 phantoms
  An eye of draining (D:6)
  2 ogres
  3 centaurs
  Blork the orc (D:4)
  4 bullfrogs
  Dowan (D:6)
  A scorpion (D:9)
  8 killer bees
  4 wights (D:8)
  A howler monkey (D:9)
  A quasit (D:6)
  8 crimson imps
  5 hounds
  8 orc priests
  2 bullfrog skeletons
  2 jellies
  6 orc wizards
  Jessica (D:3)
  4 iguanas
  5 worker ants
  A hound zombie (D:8)
  2 hound skeletons (D:8)
  14 adders
  9 river rats (D:8)
  2 shadow imps
  2 oozes (D:7)
  An adder skeleton (D:5)
  2 worms
  A dart slug (D:1)
  7 leopard geckos
  38 orcs
  5 giant cockroaches
  9 goblins
  7 hobgoblins
  5 jackals
  2 ball pythons (D:4)
  2 bats (D:3)
  4 frilled lizards
  A jackal zombie (D:8)
  9 kobolds
  A leopard gecko skeleton (D:4)
  16 rats
231 creatures vanquished.

Notes
Turn   | Place    | Note
-------+----------+-------------------------------------------
     0 | D:1      | theElss the Gargoyle Berserker began the quest for the Orb.
     0 | D:1      | Reached XP level 1. HP: 14/14 MP: 1/1
   149 | D:1      | Reached XP level 2. HP: 15/19 MP: 2/2
   605 | D:1      | Reached XP level 3. HP: 17/24 MP: 3/3
   910 | D:2      | Found a basalt altar of Yredelemnul.
   913 | D:2      | Noticed a profane servitor
   921 | D:2      | Found a glowing golden altar of the Shining One.
   923 | D:2      | Noticed an angel
   954 | D:2      | Reached skill level 4 in Maces & Flails
  1151 | D:2      | Found a bloodstained altar of Trog.
  1338 | D:2      | Reached XP level 4. HP: 11/29 MP: 4/4
  1339 | D:2      | Reached ** piety under Trog
  1796 | D:2      | Found a faded altar of an unknown god.
  2183 | D:3      | Found a shattered altar of Ashenzari.
  2223 | D:3      | Noticed Jessica
  2239 | D:3      | Killed Jessica
  2239 | D:3      | Reached XP level 5. HP: 28/34 MP: 5/5
  2389 | D:3      | Reached skill level 5 in Maces & Flails
  2835 | D:3      | Found a snail-covered altar of Cheibriados.
  2838 | D:3      | Found a sacrificial altar of Ru.
  2841 | D:3      | Found a hazy altar of Hepliaklqana.
  2856 | D:3      | Found a white marble altar of Elyvilon.
  3013 | D:4      | Noticed an ogre
  3019 | D:4      | Killed an ogre
  3019 | D:4      | Reached skill level 5 in Fighting
  3019 | D:4      | Reached XP level 6. HP: 40/40 MP: 6/6
  3146 | D:4      | Noticed Blork the orc
  3156 | D:4      | Killed Blork the orc
  3156 | D:4      | Reached skill level 6 in Maces & Flails
  3333 | D:4      | Reached *** piety under Trog
  3350 | D:4      | Got a transparent ring mail
  3367 | D:4      | Identified the cursed +0 ring mail of the Gloaming {rF- Str+7 Int+8} (You found it on level 4 of the Dungeon)
  3415 | D:4      | HP: 1/40 [something/magic dart (9)]
  3420 | D:4      | Reached XP level 7. HP: 9/44 MP: 7/7
  3823 | D:4      | Reached skill level 7 in Maces & Flails
  4074 | D:4      | Noticed a hippogriff
  4083 | D:4      | Killed a hippogriff
  4083 | D:4      | Reached skill level 8 in Maces & Flails
  4083 | D:4      | Reached XP level 8. HP: 51/51 MP: 8/8
  4166 | D:4      | You fall through a shaft for 2 floors!
  4170 | D:7      | Noticed Joseph
  4364 | D:5      | Entered Level 5 of the Dungeon
  4364 | D:5      | Found Zuvusyop's Assorted Antiques.
  4670 | D:5      | Found Umazing's Food Emporium.
  4716 | D:5      | Reached skill level 9 in Maces & Flails
  4723 | D:5      | Reached **** piety under Trog
  5159 | D:5      | Found Teavygai's Antique Weapon Shoppe.
  5422 | D:6      | Found a staircase to the Ecumenical Temple.
  5425 | D:6      | Noticed Dowan
  5454 | D:6      | Killed Dowan
  5456 | D:6      | Noticed Menkaure
  5460 | D:6      | Noticed Duvessa
  5678 | D:6      | Killed Duvessa
  5678 | D:6      | Reached skill level 10 in Maces & Flails
  5678 | D:6      | Reached XP level 9. HP: 50/56 MP: 9/9
  5696 | D:6      | Killed Menkaure
  5951 | D:7      | Found a stormy altar of Qazlal.
  6069 | D:8      | Reached skill level 11 in Maces & Flails
  6079 | D:8      | Reached ***** piety under Trog
  6276 | D:7      | Killed Joseph
  6629 | D:8      | Found a hide-covered altar of Uskayaw.
  6899 | D:8      | Noticed Gastronok
  6916 | D:8      | Killed Gastronok
  6916 | D:8      | Reached skill level 12 in Maces & Flails
  6916 | D:8      | Reached XP level 10. HP: 66/66 MP: 10/10
  7107 | D:8      | Reached skill level 13 in Maces & Flails
  7267 | D:8      | Received a gift from Trog
  7353 | D:8      | Noticed Erica
  7364 | D:8      | Killed Erica
  7364 | D:8      | Reached skill level 10 in Fighting
  7824 | D:8      | Reached XP level 11. HP: 72/72 MP: 11/11
  7839 | D:9      | Found a staircase to the Orcish Mines.
  8160 | D:9      | Noticed Yurafenix's ghost (novice MiFi)
  8194 | D:9      | Killed Yurafenix's ghost
  8194 | D:9      | Reached skill level 14 in Maces & Flails
  8586 | D:10     | Entered Level 10 of the Dungeon
  8825 | D:10     | Slain by a killer bee

Skill      XL: |  1  2  3  4  5  6  7  8  9 10 11 |
---------------+----------------------------------+-----
Maces & Flails | 4 5 6 8 10 12 13 14 | 14.3
Fighting       | 4 5 6 9 10 | 10.5
Armour         | |  2.1
Dodging        | |  1.5

Action                   |  1- 3 |  4- 6 |  7- 9 | 10-12 || total
-------------------------+-------+-------+-------+-------++-------
Melee: Mace              |    99 |   222 |   382 |    93 ||   796
       Great mace        |       |       |       |   102 ||   102
Invok: Berserk           |     1 |     3 |     9 |     3 ||    16
       Trog's Hand       |       |     1 |       |     1 ||     2
  Use: Scroll            |       |       |    15 |       ||    15
  Eat: Chunk             |     1 |    10 |    23 |     9 ||    43
Armor: Animal skin       |    43 |     3 |       |       ||    46
       Ring mail         |       |   105 |   185 |    96 ||   386
Dodge: Dodged            |    80 |   137 |   207 |    92 ||   516
